AoeStats
← PrincessLamb444

Arabia

503674591Analyzed
1v1 RM · 3mo ago on Sep 1, 2026· 45m 3s· 2 players
Game mode
Random Map
Map size
Tiny (2 player)
Population
200
Speed
Normal
Resources
Standard
Victory
Conquest
Starting age
Dark Age
Ending age
Imperial Age
RankedLock teamsTeams togetherTeam positionsShared explorationLock speedFull tech treeHidden civsTurbo modeCheats
Victory
Defeat
🇨🇱 Magyars · Chile
832
+11
vs
🇯🇵 Goths · Japan
721
-11
PrincessLamb444
1:17 Loom
16:15 Feudal Age
17:02 Man-at-Arms
18:17 Double-Bit Axe
20:38 Horse Collar
34:34 Castle Age
33:03 Gold Mining
Maquee94
9:05 Loom
12:07 Feudal Age
12:47 Double-Bit Axe
14:18 Horse Collar
19:04 Bloodlines
20:05 Wheelbarrow
20:20 Scale Barding Armor
26:40 Castle Age
25:06 Arson
26:42 Pikeman
26:45 Light Cavalry
27:26 Elite Skirmisher
28:28 Thumb Ring
29:27 Fletching
29:37 Padded Archer Armor
32:02 Bow Saw
34:39 Bodkin Arrow
36:13 Ballistics
35:36 Treadmill Crane
35:52 Murder Holes
38:33 Corvinian Army
41:41 Husbandry
42:08 Chain Barding Armor
43:21 Hand Cart
44:40 Scale Mail Armor
44:55 Leather Archer Armor
Connection lost

Rejoining the realm…

Still unreachable

The connection could not be restored.

Session expired

The server has moved on; the page needs a fresh start.